MLB
OAKLAND ATHLETICS @ WASHINGTON NATIONALS
05/13/2042
 
TOP OF THE 1ST
Oakland Athletics batting - Pitching for Washington Nationals : RHP Luis Santos
Pitching: RHP Luis Santos
Batting: RHB Rob Bryant 0-0: DOUBLE (Line Drive, 9LM, EV 105.6 MPH)
Batting: RHB Jody Dailey 0-0: Ball
1-0: SINGLE (Line Drive, 7S, EV 97.5 MPH)
Rob Bryant to third
Batting: SHB Steve Dodd 0-0: Foul Ball, location: 7LMF
0-1: Ball
1-1: Ball
2-1: Grounds out, U3 (Groundball, 3L, EV 108.1 MPH)
Rob Bryant scores
Batting: RHB Devin Hogan 0-0: Called Strike
0-1: Swinging Strike
0-2: Hit by Pitch
Batting: RHB Héctor González 0-0: Called Strike
0-1: Foul Ball, location: 2F
0-2: Ball
1-2: Ball
2-2: Fly out, F8 (Flyball, 8LXD, EV 103.8 MPH)
Runner from 2nd tags up, SAFE at 3rd, no throw by CF
Batting: RHB Jesús García 0-0: Ball
1-0: Ball
2-0: SINGLE (Groundball, 34D, EV 103.1 MPH)
Jody Dailey scores
Devin Hogan to second
Runner from 2nd tries for 3rd, SAFE, throw by RF made to third
Batting: RHB Jim Foxworthy 0-0: Called Strike
0-1: Ball
1-1: Ball
Wild Pitch!
Devin Hogan scores
Jesús García to second
2-1: SINGLE (Line Drive, 7S, EV 105.0 MPH)
Jesús García to third
Batting: RHB Tom Doherty 0-0: Ball
1-0: Called Strike
1-1: Ball
Jim Foxworthy is caught stealing 2nd base 2-4
Top of the 1st over - 3 runs, 4 hits, 0 errors, 1 left on base; Oakland 3 - Washington 0
BOTTOM OF THE 1ST
Washington Nationals batting - Pitching for Oakland Athletics : RHP Luis Manuel Rivera
Pitching: RHP Luis Manuel Rivera
Batting: SHB Luis Mota 0-0: Ground out 3-1 (Groundball, 34S, EV 76.3 MPH)
Batting: LHB Eric Tushinghem 0-0: Fly out, F8 (Flyball, 8LM, EV 81.9 MPH)
Batting: LHB Rob Blanchard 0-0: Called Strike
0-1: Called Strike
0-2: Strikes out looking
Bottom of the 1st over - 0 runs, 0 hits, 0 errors, 0 left on base; Oakland 3 - Washington 0
TOP OF THE 2ND
Oakland Athletics batting - Pitching for Washington Nationals : RHP Luis Santos
Batting: RHB Tom Doherty 0-0: Ball
1-0: Swinging Strike
1-1: Ground out 5-3 (Groundball, 56, EV 81.9 MPH)
Batting: RHB Stu Braun 0-0: Ball
1-0: Ball
2-0: Ground out 5-3 (Groundball, 5S, EV 70.0 MPH)
Batting: RHB Rob Bryant 0-0: Called Strike
0-1: Ball
1-1: Ground out 1-3 (Groundball, 13S, EV 66.3 MPH)
Top of the 2nd over - 0 runs, 0 hits, 0 errors, 0 left on base; Oakland 3 - Washington 0
BOTTOM OF THE 2ND
Washington Nationals batting - Pitching for Oakland Athletics : RHP Luis Manuel Rivera
Batting: RHB Doug Watts 0-0: Ball
1-0: Ball
2-0: Ball
3-0: Called Strike
3-1: Called Strike
3-2: Strikes out looking
Batting: LHB Brad Numbers 0-0: Foul Ball, location: 5FF
0-1: Swinging Strike
0-2: Ball
1-2: Ball
2-2: Ball
3-2: Fly out, F8 (Flyball, 78D, EV 104.4 MPH)
Batting: SHB Dave Dulin 0-0: Called Strike
0-1: Called Strike
0-2: Ball
1-2: Ground out 6-3 (Groundball, 4, EV 93.1 MPH)
Bottom of the 2nd over - 0 runs, 0 hits, 0 errors, 0 left on base; Oakland 3 - Washington 0
TOP OF THE 3RD
Oakland Athletics batting - Pitching for Washington Nationals : RHP Luis Santos
Batting: RHB Jody Dailey 0-0: Called Strike
0-1: Foul Ball, location: 2F
0-2: Ground out 4-3 (Groundball, 4, EV 93.1 MPH)
Batting: SHB Steve Dodd 0-0: Ball
1-0: Ball
2-0: Ball
3-0: Called Strike
3-1: Ground out U3 (Groundball, 3S, EV 85.6 MPH)
Batting: RHB Devin Hogan 0-0: Ball
1-0: Called Strike
1-1: Swinging Strike
1-2: Strikes out swinging
Top of the 3rd over - 0 runs, 0 hits, 0 errors, 0 left on base; Oakland 3 - Washington 0
BOTTOM OF THE 3RD
Washington Nationals batting - Pitching for Oakland Athletics : RHP Luis Manuel Rivera
Batting: LHB Gilberto Macías 0-0: Swinging Strike
0-1: Foul Ball, location: 2F
0-2: Ball
1-2: Strikes out swinging
Batting: SHB Jorge Acosta 0-0: Ball
1-0: Called Strike
1-1: Foul Ball, location: 7LSF
1-2: Foul Ball, location: 2F
1-2: Foul Ball, location: 2F
1-2: Ball
2-2: Foul Ball, location: 2F
2-2: Foul Ball, location: 2F
2-2: SINGLE (Groundball, 34D, EV 98.8 MPH)
Batting: RHB Ernesto Paganin 0-0: Foul Ball, location: 9LMF
0-1: Fly out, F7 (Flyball, 78M, EV 86.3 MPH)
Batting: SHB Luis Mota 0-0: Ball
1-0: Called Strike
1-1: Ball
2-1: Foul Ball, location: 9LSF
2-2: Ball
3-2: Foul Ball, location: 5SF
3-2: Strikes out swinging
Bottom of the 3rd over - 0 runs, 1 hit, 0 errors, 1 left on base; Oakland 3 - Washington 0
TOP OF THE 4TH
Oakland Athletics batting - Pitching for Washington Nationals : RHP Luis Santos
Batting: RHB Héctor González 0-0: Foul Ball, location: 2F
0-1: Fly out, F6 (Popup, 6S, EV 64.4 MPH)
Batting: RHB Jesús García 0-0: Ground out 1-3 (Groundball, 34S, EV 64.4 MPH)
Batting: RHB Jim Foxworthy 0-0: Called Strike
0-1: Foul Ball, location: 9LSF
0-2: Ball
1-2: Fly out, F8 (Flyball, 8RD, EV 89.4 MPH)
Top of the 4th over - 0 runs, 0 hits, 0 errors, 0 left on base; Oakland 3 - Washington 0
BOTTOM OF THE 4TH
Washington Nationals batting - Pitching for Oakland Athletics : RHP Luis Manuel Rivera
Batting: LHB Eric Tushinghem 0-0: Ball
1-0: Foul Ball, location: 3SF
1-1: Ground out 4-3 (Groundball, 4, EV 96.3 MPH)
Batting: LHB Rob Blanchard 0-0: Foul Ball, location: 3FF
0-1: Foul Ball, location: 7LMF
0-2: Ball
1-2: Foul Ball, location: 2F
1-2: Strikes out swinging
Batting: RHB Doug Watts 0-0: Ball
1-0: Called Strike
1-1: Foul Ball, location: 3FF
1-2: Fly out, F4 (Flyball, 34D, EV 88.8 MPH)
Bottom of the 4th over - 0 runs, 0 hits, 0 errors, 0 left on base; Oakland 3 - Washington 0
TOP OF THE 5TH
Oakland Athletics batting - Pitching for Washington Nationals : RHP Luis Santos
Batting: RHB Tom Doherty 0-0: Ball
1-0: Ball
2-0: Called Strike
2-1: SINGLE (Flyball, 56D, EV 98.8 MPH)
Batting: RHB Stu Braun 0-0: Ball
1-0: Ball
2-0: Ball
3-0: Called Strike
3-1: Foul Ball, location: 3FF
3-2: Strikes out swinging
Batting: RHB Rob Bryant Balk!
Tom Doherty to second
0-0: Swinging Strike
0-1: Ground out 4-3 (Groundball, 4, EV 103.8 MPH)
Tom Doherty to third
Batting: RHB Jody Dailey 0-0: Ground out 6-3 (Groundball, 56, EV 90.0 MPH)
Top of the 5th over - 0 runs, 1 hit, 0 errors, 1 left on base; Oakland 3 - Washington 0
BOTTOM OF THE 5TH
Washington Nationals batting - Pitching for Oakland Athletics : RHP Luis Manuel Rivera
Batting: LHB Brad Numbers 0-0: Swinging Strike
0-1: Called Strike
0-2: Strikes out looking
Batting: SHB Dave Dulin 0-0: Single, Error in OF, E8, batter to second base (Line Drive, 8LS, EV 85.6 MPH)
Batting: LHB Gilberto Macías 0-0: Fly out, F9 (Flyball, 9S, EV 83.1 MPH)
Batting: SHB Jorge Acosta 0-0: Called Strike
0-1: Ground out 4-3 (Groundball, 4M, EV 99.4 MPH)
Bottom of the 5th over - 0 runs, 1 hit, 1 error, 1 left on base; Oakland 3 - Washington 0
TOP OF THE 6TH
Oakland Athletics batting - Pitching for Washington Nationals : RHP Luis Santos
Batting: SHB Steve Dodd 0-0: Ball
1-0: DOUBLE (Line Drive, 9LM, EV 105.0 MPH)
Batting: RHB Devin Hogan 0-0: Called Strike
0-1: DOUBLE (Line Drive, 8LXD, EV 110.6 MPH)
Steve Dodd scores
Batting: RHB Héctor González 0-0: Foul Ball, location: 5FF
0-1: Called Strike
0-2: Ground out 4-3 (Groundball, 4M, EV 86.3 MPH)
Batting: RHB Jesús García 0-0: Called Strike
0-1: Foul Ball, location: 2F
0-2: Ball
1-2: Strikes out swinging
Batting: RHB Jim Foxworthy 0-0: Ball
1-0: Called Strike
1-1: Foul Ball, location: 2F
1-2: Ball
2-2: Ball
3-2: SINGLE (Groundball, 4MD, EV 95.0 MPH)
Devin Hogan to third
Runner from 3rd tries for Home, throw by CF and OUT! 8-2
Top of the 6th over - 1 run, 3 hits, 0 errors, 1 left on base; Oakland 4 - Washington 0
BOTTOM OF THE 6TH
Washington Nationals batting - Pitching for Oakland Athletics : RHP Luis Manuel Rivera
Batting: RHB Ernesto Paganin 0-0: Ball
1-0: Ball
2-0: DOUBLE (Flyball, 78XD, EV 92.5 MPH)
Batting: SHB Luis Mota 0-0: Ball
1-0: SINGLE (Groundball, 23, EV 72.5 MPH) (infield hit)
Ernesto Paganin to third
Batting: LHB Eric Tushinghem 0-0: Called Strike
Luis Mota steals 2nd base
0-1: Ground out 4-3 (Groundball, 34D, EV 99.4 MPH)
Ernesto Paganin scores
Luis Mota to third
Batting: LHB Rob Blanchard 0-0: Ball
1-0: Called Strike
1-1: Ball
2-1: Swinging Strike
2-2: Fly out, F6 (Popup, 6, EV 80.6 MPH)
Batting: RHB Doug Watts 0-0: Ball
1-0: Foul Ball, location: 7LSFF
1-1: Swinging Strike
1-2: Strikes out swinging
Bottom of the 6th over - 1 run, 2 hits, 0 errors, 1 left on base; Oakland 4 - Washington 1
TOP OF THE 7TH
Oakland Athletics batting - Pitching for Washington Nationals : RHP Luis Santos
Batting: RHB Tom Doherty 0-0: Called Strike
0-1: Ball
1-1: Ball
2-1: Ball
3-1: Foul Ball, location: 9LSF
3-2: Strikes out swinging
Batting: RHB Stu Braun 0-0: Ball
1-0: Swinging Strike
1-1: Ground out 4-3 (Groundball, 4, EV 91.9 MPH)
Batting: RHB Rob Bryant 0-0: Called Strike
0-1: SINGLE (Groundball, 34D, EV 105.6 MPH)
Batting: RHB Jody Dailey 0-0: Called Strike
0-1: Ball
1-1: Ball
2-1: Foul Ball, location: 9LSF
2-2: Foul Ball, location: 25FF
2-2: Foul Ball, location: 5F
2-2: Ball
3-2: Fly out, F7 (Flyball, 7D, EV 108.8 MPH)
Top of the 7th over - 0 runs, 1 hit, 0 errors, 1 left on base; Oakland 4 - Washington 1
BOTTOM OF THE 7TH
Washington Nationals batting - Pitching for Oakland Athletics : RHP Luis Manuel Rivera
Batting: LHB Brad Numbers 0-0: Called Strike
0-1: Swinging Strike
0-2: Strikes out swinging
Batting: SHB Dave Dulin 0-0: Ball
1-0: Ball
2-0: Called Strike
2-1: Called Strike
2-2: Fly out, F9 (Flyball, 9S, EV 93.1 MPH)
Batting: LHB Gilberto Macías 0-0: Ball
1-0: Ball
2-0: Called Strike
2-1: Foul Ball, location: 2F
2-2: Strikes out swinging
Bottom of the 7th over - 0 runs, 0 hits, 0 errors, 0 left on base; Oakland 4 - Washington 1
TOP OF THE 8TH
Oakland Athletics batting - Pitching for Washington Nationals : RHP Luis Santos
Batting: SHB Steve Dodd 0-0: Ball
1-0: Ball
2-0: Foul Ball, location: 5F
2-1: Foul Ball, location: 2F
2-2: Foul Ball, location: 3F
2-2: Strikes out looking
Pitching: RHP Orlando Rivas
Batting: RHB Devin Hogan 0-0: Ball
1-0: Called Strike
1-1: Ball
2-1: Foul Ball, location: 3FF
2-2: Foul Ball, location: 23F
2-2: Ball
3-2: SINGLE (Groundball, 4MD, EV 94.4 MPH)
Batting: RHB Héctor González 0-0: Ball
1-0: Foul Ball, location: 2F
1-1: Ball
2-1: Ball
3-1: Base on Balls
Devin Hogan to second
Batting: RHB Jesús García 0-0: Ball
1-0: Called Strike
1-1: Fly out, F8 (Flyball, 8RD, EV 94.4 MPH)
Batting: RHB Jim Foxworthy 0-0: Called Strike
0-1: SINGLE (Line Drive, 89S, EV 86.9 MPH)
Devin Hogan to third
Héctor González to second
Runner from 3rd tries for Home, throw by CF and OUT! 8-2
Top of the 8th over - 0 runs, 2 hits, 0 errors, 2 left on base; Oakland 4 - Washington 1
BOTTOM OF THE 8TH
Washington Nationals batting - Pitching for Oakland Athletics : RHP Luis Manuel Rivera
Batting: SHB Jorge Acosta 0-0: Foul Ball, location: 5DF
0-1: Foul Ball, location: 25F
0-2: Ball
1-2: Strikes out swinging
Batting: RHB Ernesto Paganin 0-0: Called Strike
0-1: Ball
1-1: Fly out, F3 (Popup, 3S, EV 85.0 MPH)
Batting: SHB Luis Mota 0-0: Ground out 4-3 (Groundball, 34, EV 85.0 MPH)
Bottom of the 8th over - 0 runs, 0 hits, 0 errors, 0 left on base; Oakland 4 - Washington 1
TOP OF THE 9TH
Oakland Athletics batting - Pitching for Washington Nationals : RHP Orlando Rivas
Batting: RHB Tom Doherty 0-0: Called Strike
0-1: Ball
1-1: Fly out, F8 (Line Drive, 8RM, EV 93.1 MPH)
Batting: RHB Stu Braun 0-0: Fly out, F5 (Line Drive, 5, EV 65.0 MPH)
Batting: RHB Rob Bryant 0-0: Called Strike
0-1: Ball
1-1: Called Strike
1-2: Strikes out swinging
Top of the 9th over - 0 runs, 0 hits, 0 errors, 0 left on base; Oakland 4 - Washington 1
BOTTOM OF THE 9TH
Washington Nationals batting - Pitching for Oakland Athletics : RHP Luis Manuel Rivera
Now at 1B: Dane Edgar
Batting: LHB Eric Tushinghem 0-0: Swinging Strike
0-1: Foul Ball, location: 2F
0-2: Foul Ball, location: 3F
0-2: Ball
1-2: Ground out 4-3 (Groundball, 4, EV 88.8 MPH)
Pitching: RHP Norm Roy
Batting: LHB Rob Blanchard 0-0: Ball
1-0: Fly out, F9 (Line Drive, 9S, EV 91.3 MPH)
Batting: RHB Doug Watts 0-0: Swinging Strike
0-1: Called Strike
0-2: Strikes out swinging
Bottom of the 9th over - 0 runs, 0 hits, 0 errors, 0 left on base; Oakland 4 - Washington 1
Friday, April 26th , 2024 - OOTP Baseball 24.10 Build 82